 Dungeon Crawl Stone Soup version 0.17-a0-1625-g47e540b (webtiles) character file.

12670 wvc the Spear-Bearer (level 11, 0/145 HPs)
             Began as a Pale Draconian Fighter on Aug 3, 2015.
             Was a High Priest of Okawaru.
             Slain by Rupert
             ... wielding a +1 great mace of draining
              (11 damage)
             ... on level 3 of the Lair of Beasts.
             The game lasted 00:35:04 (14846 turns).

wvc the Spear-Bearer (Pale Draconian Fighter)      Turns: 14846, Time: 00:35:04

Health: 0/145      AC:  9    Str: 24    XL:     11   Next: 65%
Magic:  12/13      EV: 18    Int:  8    God:    Okawaru [*****.]
Gold:   641        SH: 13    Dex: 16    Spells: 0 memorised, 10 levels left

rFire  . . .     SeeInvis .     g - +3 spear
rCold  . . .     Clarity  .     (armour unavailable)
rNeg   . . .     SustAt   .     b - +0 shield
rPois  +         Gourm    .     (helmet restricted)
rElec  .         Spirit   .     J - +0 cloak
rCorr  .         Warding  .     y - +0 pair of gloves
rMut   .         Stasis   .     (no boots)
MR     .....                    I - amulet of rage
Stlth  ..........               K - ring of poison resistance
                                f - ring of stealth

@: berserking (expiring), heroism, very slightly contaminated, hasted, heavily
drained, very quick, not resistant to hostile enchantments, extremely unstealthy
A: breathe steam, unfitting armour, agile 1, high mp 1, poison resistance,
evolution 1, cold-blooded, AC +7
a: Breathe Steam, Heroism, Finesse, Renounce Religion, Evoke Berserk Rage


You were on level 3 of the Lair of Beasts.
You worshipped Okawaru.
Okawaru was extremely pleased with you.
You were not hungry.

You visited 3 branches of the dungeon, and saw 14 of its levels.
You also visited: Sewer.

You collected 731 gold pieces.
You spent 90 gold pieces at shops.

Inventory:

Hand weapons
 a - a +1 trident
 g - a +3 spear (weapon)
 T - a +0 bardiche of venom
Missiles
 r - 6 javelins (quivered)
Armour
 b - a +0 shield (worn)
 y - a +0 pair of gloves (worn)
 J - a +0 cloak (worn)
Magical staves
 B - an uncursed staff of cold
Jewellery
 f - a ring of stealth (left hand)
 w - an uncursed ring of flight
 I - an amulet of rage (around neck)
 K - a ring of poison resistance (right hand)
 N - an uncursed ring of teleportation
 O - an uncursed amulet of stasis
Magical devices
 k - a wand of flame (28)
 n - a wand of enslavement (24)
 u - a wand of random effects (10)
 z - a wand of hasting (2)
 L - a wand of frost (19)
 Q - a wand of digging (3)
 R - a wand of frost (30)
 U - a wand of polymorph (14)
Scrolls
 i - 3 scrolls of fear
 l - 2 scrolls of amnesia
 m - 5 scrolls of remove curse
 o - 3 scrolls of enchant weapon
 p - 3 scrolls of teleportation
 D - 6 scrolls of identify
 E - 2 scrolls of blinking
 G - a scroll of fog
Potions
 c - 5 potions of might
 q - 2 potions of resistance
 s - a potion of agility
 t - a potion of cancellation {unknown}
 v - a potion of ambrosia {unknown}
 x - 2 potions of flight {unknown}
 A - a potion of heal wounds
 C - a potion of mutation {unknown}
 H - 2 potions of brilliance {unknown}
 M - 3 potions of lignification {unknown}
 P - a potion of curing
Books
 S - a book of the Tempests

   Spells                             Type                      Level
   a - Static Discharge               Conjuration/Air              3
   b - Lightning Bolt                 Conjuration/Air              5
   c - Fireball                       Conjuration/Fire             5
   d - Tornado                        Air                          9
   e - Shatter                        Earth                        9
Miscellaneous
 F - a legendary deck of wonders {Focus}
 V - a plain deck of defence
Comestibles
 d - 7 bread rations
 h - 11 royal jellies
 j - 3 meat rations


   Skills:
 * Level 9.2(10.8) Fighting
 - Level 12.4(13.7) Polearms
 + Level 7.7(9.4) Dodging
 * Level 9.2(10.7) Shields
 - Level 1.5(0.0) Invocations
 + Level 1.3(0.0) Evocations


You had 10 spell levels left.
You didn't know any spells.

Dungeon Overview and Level Annotations

Branches:
Dungeon (10/15)            Temple (1/1) D:6            Lair (3/8) D:9
  Swamp: Lair:3-6    Shoals: Lair:3-6     Snake: Lair:3-6    Spider: Lair:3-6
    Orc: D:9-12

Altars:
Ashenzari
Cheibriados
Dithmenos
Elyvilon
Fedhas
Gozag
Kikubaaqudgha
Makhleb
Nemelex Xobeh
Okawaru
Qazlal
Ru
Sif Muna
Trog
Vehumet
Xom
Yredelemnul
Zin
The Shining One

Shops:
D:4 ?   D:7 :

Annotations:
Lair:3 exclusion: oklob plant, Rupert


Innate Abilities, Weirdness & Mutations

You can breathe blasts of scalding, opaque steam.
Your pale cyan-grey scales are hard (AC +7).
Your body does not fit into most forms of armour.
You are cold-blooded and may be slowed by cold attacks.
You are agile. (Dex +2)
You have an increased reservoir of magic (+10% MP).
Your system is resistant to poisons.
You evolve.


Message History

You shrug off the repeated paralysis!
Rupert hits you with a great mace of draining!
You feel drained. Rupert roars wildly at you.
You barely resist.
Rupert hits you with a great mace of draining!
You feel drained.
Rupert hits you with a great mace of draining!!
You feel drained.
Rupert screams, "Hurray!"
Rupert hits you with a great mace of draining!!
You feel drained.
Rupert hits you with a great mace of draining!!
* * * LOW HITPOINT WARNING * * *
You feel drained.
* * * LOW HITPOINT WARNING * * *
You can move again.
You closely miss Rupert.
Rupert hits you with a great mace of draining!
You die...

.######...............
..##.##P..............
...................... ..
##..#.....##.#...#...# ..#
.######.P####..####... ..# ##
##.## ##..# #..# #.# .#
#...#####..###..# ###.### .#
##...#..#.##.##.######.P..#.
#######.......F@@................
###.#P#.#####.###...P#P...##....#
##P.P....# #..# ######...###..##
.........####.#### #P.#####...#
..###.#..##.#..#.######..# #..###
..# ##...#....#..##..##..###.....
.## ##..........................
.## #..###.#..##.#P..#.###.P##.#
..# ##.################# #..####


You could see Rupert and a spiny frog.

Vanquished Creatures
  A hydra (Lair:2)
  The ghost of asdu the Grappler, an experienced TrHu of Cheibriados (D:7)
  A centaur skeleton (D:10)
  6 spiny frogs
  A fire drake (D:9)
  A komodo dragon (Lair:2)
  A troll (D:9)
  A queen bee (D:9)
  4 yaks (Lair:2)
  2 hippogriffs
  8 water moccasins
  A soldier ant (D:8)
  2 porcupines
  10 wolves
  An orc warrior (D:6)
  3 phantoms
  Purgy (Sewer)
  3 black bears
  2 ice beasts
  4 sky beasts
  5 ogres
  A wasp (D:8)
  2 centaurs
  4 crocodiles
  A big kobold (D:9)
  9 giant frogs
  A wyvern zombie (D:6)
  2 scorpions
  30 killer bees
  A centaur zombie (D:6)
  5 orc priests
  2 hounds
  3 jellies
  A giant frog skeleton (D:9)
  5 iguanas
  2 orc wizards
  6 worker ants
  4 sheep (Lair:3)
  12 adders
  19 river rats (Lair:2)
  3 gnolls (D:5)
  2 shadow imps (D:6)
  An ooze (D:4)
  2 adder skeletons (D:5)
  3 worms
  12 giant geckos
  17 orcs
  15 bats
  6 giant cockroaches
  11 goblins
  8 hobgoblins
  19 jackals
  19 kobolds
  5 quokkas
  A giant gecko skeleton (D:4)
  9 giant newts
  A quokka skeleton (D:6)
  10 rats
  A butterfly (D:3)
  A plant (D:8)
315 creatures vanquished.

Vanquished Creatures (others)
  19 fungi
  6 plants
25 creatures vanquished.

Grand Total: 340 creatures vanquished

Notes
Turn   | Place    | Note
--------------------------------------------------------------
     0 | D:1      | wvc the Draconian Fighter began the quest for the Orb.
     0 | D:1      | Reached XP level 1. HP: 19/19 MP: 1/1
   244 | D:1      | Reached XP level 2. HP: 26/26 MP: 2/2
   699 | D:2      | Reached XP level 3. HP: 31/31 MP: 3/3
   952 | D:2      | Reached skill level 4 in Polearms
  1073 | D:2      | You fall through a shaft!
  1083 | D:3      | Reached XP level 4. HP: 34/38 MP: 4/4
  1686 | D:3      | Reached skill level 5 in Polearms
  1776 | D:3      | Reached XP level 5. HP: 43/45 MP: 5/5
  1976 | D:3      | Reached skill level 6 in Polearms
  2245 | D:4      | Found Vienlugu's Magic Scroll Shop.
  2251 | D:4      | Bought a scroll of remove curse for 30 gold pieces
  2251 | D:4      | Bought a scroll of teleportation for 30 gold pieces
  2251 | D:4      | Bought a scroll of teleportation for 30 gold pieces
  2264 | D:4      | Found a shadowy altar of Dithmenos.
  2271 | D:4      | Noticed a phantom
  2304 | D:4      | Killed a phantom
  2304 | D:4      | Reached XP level 6. HP: 39/51 MP: 6/6
  2657 | D:4      | Reached skill level 7 in Polearms
  3015 | D:5      | Entered Level 5 of the Dungeon
  4215 | D:6      | Reached skill level 8 in Polearms
  4215 | D:6      | Your scales start taking on a pale cyan-grey colour.
  4215 | D:6      | Reached XP level 7. HP: 51/57 MP: 7/7
  4219 | D:6      | Gained mutation: You have a pair of small horns on your head. [mutagenic meat]
  4220 | D:6      | Gained mutation: You have an increased reservoir of magic (+10% MP). [mutagenic meat]
  4512 | D:6      | Found a staircase to the Ecumenical Temple.
  4521 | Temple   | Entered the Ecumenical Temple
  4616 | Temple   | Became a worshipper of Warmaster Okawaru
  4675 | D:6      | Found a glowing drain.
  4704 | Sewer    | Entered a sewer
  4806 | Sewer    | Noticed Purgy
  4817 | Sewer    | Killed Purgy
  4817 | Sewer    | Reached skill level 9 in Polearms
  5038 | D:6      | Reached XP level 8. HP: 34/63 MP: 8/8
  5205 | D:6      | Noticed a water moccasin
  5216 | D:6      | Killed a water moccasin
  5216 | D:6      | Acquired Okawaru's first power
  5481 | D:6      | Reached skill level 10 in Polearms
  5623 | D:6      | Gained mutation: You evolve. [mutagenic meat]
  5809 | D:6      | Gained mutation: You are agile. (Dex +2) [evolution]
  6131 | D:6      | Reached skill level 11 in Polearms
  6559 | D:7      | Found a shadowy altar of Dithmenos.
  6567 | D:7      | Noticed asdu's ghost (experienced TrHu)
  6593 | D:7      | Killed asdu's ghost
  6593 | D:7      | Reached skill level 12 in Polearms
  6593 | D:7      | Reached XP level 9. HP: 61/70 MP: 9/9
  6666 | D:7      | Got a bone flail
  6672 | D:7      | Identified the +5 flail "Jellybane" {drain, SInv} (You found it on level 7 of the Dungeon)
  6871 | D:7      | Found Ogyivi Efis's Book Boutique.
  7872 | D:8      | Reached skill level 5 in Fighting
  7872 | D:8      | Reached skill level 1 in Invocations
  8581 | D:9      | Reached XP level 10. HP: 55/83 MP: 12/12
  8861 | D:9      | Found a staircase to the Lair.
  8862 | D:9      | Noticed a fire drake
  8881 | D:9      | Killed a fire drake
  8881 | D:9      | Reached skill level 5 in Shields
  9342 | D:9      | Reached skill level 5 in Dodging
  9342 | D:9      | Reached skill level 1 in Evocations
  9845 | D:9      | Lost mutation: You have a pair of small horns on your head. [evolution]
 10197 | D:10     | Entered Level 10 of the Dungeon
 10336 | D:10     | Noticed a hill giant
 10379 | Lair:1   | Entered Level 1 of the Lair of Beasts
 11198 | Lair:1   | Acquired Okawaru's second power
 11238 | Lair:1   | Reached XP level 11. HP: 94/94 MP: 13/13
 12912 | Lair:2   | Noticed a four-headed hydra
 13587 | Lair:2   | Gained mutation: Your system is resistant to poisons. [evolution]
 13734 | Lair:2   | Killed a four-headed hydra
 13734 | Lair:2   | Received a gift from Okawaru
 14828 | Lair:3   | Noticed Rupert
 14838 | Lair:3   | Paralysed by Rupert for 7 turns
 14846 | Lair:3   | Slain by Rupert

Vault maps used:
D:1:      dpeg_arrival_round_c, serial_glass, glass_columns_c, glass_columns_b
D:3:      hangedman_glass_garden
D:4:      lemuel_doored_altar, serial_shops, shop
D:5:      first_bread
D:6:      minmay_temple_entry_overgrown, gup_sewer_entry_pipe
D:7:      serial_shops, kennysheep_mini, basic_altar
D:8:      minmay_weird_star, hangedman_pestilent_swarm
D:9:      minmay_lair_entry_lava, special_room
D:10:     st_stairs_9
Temple:   grunt_circular_temple_18
Lair:3:   minmay_lair_oklob_chamber, uniq_rupert
Sewer:    kennysheep_door_sewer

Action                   |  1- 3 |  4- 6 |  7- 9 | 10-12 || total
-------------------------+-------+-------+-------+-------++-------
Melee: Trident           |   150 |   261 |       |       ||   411
       Spear             |       |    15 |   412 |   739 ||  1166
Throw: Javelin           |       |       |       |     1 ||     1
Invok: Heroism           |       |       |     2 |     9 ||    11
 Abil: Breathe Steam     |       |       |    10 |    16 ||    26
       Evoke Flight      |       |       |     1 |       ||     1
       Evoke Berserk Rag |       |       |       |     1 ||     1
Evoke: Wand              |       |       |     6 |    10 ||    16
  Use: Scroll            |       |    11 |     8 |     5 ||    24
       Potion            |       |     1 |     2 |     3 ||     6
 Stab: Sleeping          |     2 |     6 |    15 |     8 ||    31
       Distracted        |       |     1 |     2 |     2 ||     5
  Eat: Chunk             |     1 |       |     6 |       ||     7
       Royal jelly       |       |     1 |     1 |     8 ||    10
       Fruit             |       |     7 |       |     3 ||    10
       Meat ration       |       |     1 |       |       ||     1
       Bread ration      |       |       |     1 |       ||     1
       Beef jerky        |       |       |     1 |     3 ||     4
       Pizza             |       |       |     1 |     1 ||     2
